cohdb
Replays
Latest Replays
All Replays
Popular Replays
Top Player Replays
Match Explorer
How It Works
Community
CoH3 Stats
Reddit
Sign in to upload your games and track your stats! →
Sign in with Steam
Match 45693539
Unlisted
Match 45693539
Overview
Messages
Build Orders
End
Vickers Machine Gun Team
Construct Section Command Post
Infantry Section
Dingo Light Scout Car
Infantry Section
Selects Heavy Armor Battlegroup
Selects Rigorous Vehicle Training
Infantry Section
Construct Platoon Command Post
Construct Company Command Post
Infantry Section
Selects Light Vehicle Withdraw and Refit
Selects UNKNOWN (202330)
Foot Guards Section
Crusader AA Medium Tank
Foot Guards Section
Infantry Training
Grenade Package
Selects Forward Repair Assembly
Crusader II Medium Tank
Armored Vehicle Training
Olg
rocketpossum
United
pipiku
0
0
Comments
sign in to comment!
No comments posted yet!